 Dungeon Crawl Stone Soup version 0.28-a0-622-gbaef9634d7 (webtiles) character file.

Game seed: 4287213192004813884

30 Rennog the Ducker (level 3, -6/26 HPs)
             Began as an Octopode Fighter on Oct 7, 2021.
             Killed from afar by Robin (11 damage)
             ... with a puff of flame
             ... on level 2 of the Dungeon.
             The game lasted 00:01:04 (981 turns).

Rennog the Ducker (Octopode Fighter)                 Turns: 981, Time: 00:01:04

Health: -6/26      AC:  1    Str: 15    XL:     3   Next: 18%
Magic:  3/3        EV: 13    Int: 10    God:
Gold:   27         SH:  4    Dex: 12    Spells: 2/2 levels left

rFire   . . .      SeeInvis .   a - +0 long sword
rCold   . . .      Faith    .   b - +0 buckler
rNeg    . . .      Spirit   .   (helmet restricted)
rPois   .          Reflect  .   (no amulet)
rElec   .          Harm     .   (no ring)
rCorr   .          Rampage  .   (no ring)
Will    .....                   (no ring)
Stlth   +++.......              (no ring)
HPRegen 0.08/turn               (no ring)
MPRegen 0.08/turn               (no ring)
                                (no ring)
                                (no ring)

@: no status effects
A: almost no armour, amphibious, 8 rings, camouflage 1, gelatinous body 1,
(nimble swimmer 1), tentacles
a: no special abilities


You were on level 2 of the Dungeon.
You visited 1 branch of the dungeon, and saw 2 of its levels.

You collected 27 gold pieces.

Inventory:

Hand Weapons
 a - a +0 long sword (weapon)
Armour
 b - a +0 buckler (worn)
Scrolls
 d - 2 scrolls of amnesia {unknown}
 e - a scroll of teleportation {unknown}
 g - a scroll of noise {unknown}
 i - a scroll of enchant armour {unknown}
 j - a scroll of identify {unknown}
Potions
 c - a potion of might
 f - 3 potions of lignification {unknown}
 h - a potion of magic {unknown}


   Skills:
 + Level 3.4 Fighting
 - Level 2.0 Long Blades
 + Level 3.4 Dodging
 + Level 2.1 Stealth
 - Level 3.0 Shields


You had 2 spell levels left.
You didn't know any spells.
Your spell library was empty.

Dungeon Overview and Level Annotations

Branches:
Dungeon (2/15)

Altars:
Dithmenos

Annotations:
D:2 Robin


Innate Abilities, Weirdness & Mutations

You cannot wear most types of armour.
You are amphibious.
You can wear up to eight rings at the same time.
Your skin changes colour to match your surroundings (Stealth+).
Your rubbery body absorbs attacks. (AC +1, EV +1)
((You are camouflaged near water. (Stealth+)))
You have tentacles for arms and can constrict up to eight enemies at once.


Message History

There are monsters nearby!
There are monsters nearby!
A hobgoblin comes into view.
The hobgoblin shouts!
The kobold shouts!
You hear a shout! x2
The kobold throws a stone.
The stone closely misses you.
Robin of the Strong Arm comes into view.
They are wielding a +2 vorpal falchion and carrying a wand of flame (10).
Found a stone staircase leading down.
Robin roars a battlecry!
The hobgoblins go into a battle-frenzy!
You hear a shout! x3
You hear a shout!
You barely miss the hobgoblin. You grab the hobgoblin.
You constrict the hobgoblin. The kobold closely misses you.
The hobgoblin hits you.
You hit the hobgoblin.
You kill the hobgoblin!
The hobgoblin hits you. You block the kobold's attack.
The kobold barely misses you.
You closely miss the hobgoblin. You grab the hobgoblin.
You squeeze the hobgoblin.
You kill the hobgoblin!
A goblin comes into view. It is wielding a +2 dagger of venom.
Robin says, "A pitiful Octopus like you will never find the ORB!"
The kobold hits you with a +0 club.
Robin zaps a wand.
The puff of flame hits you!
* * * LOW HITPOINT WARNING * * *
You are too injured to fight recklessly!
Press: ? - help, v - describe, . - travel
Here: Robin, wielding a +2 vorpal falchion, wearing a +0 animal skin, wearing a +0 helmet and carrying a wand of flame (9)
The floor.
A goblin comes into view. It is wielding a +0 club.
Robin says, "A pitiful Octopus like you will never find the ORB!"
A goblin comes into view. It is wielding a +0 club.
The kobold throws a stone.
The stone closely misses you.
Robin roars a battlecry!
The kobold throws a stone.
The stone hits you but does no damage.
You hear a shout!
You hear a shout!
Robin zaps a wand.
The puff of flame hits you!
You die...

..>.g.. #...g#
#....# #†...#
####g...#
#.?g....#
#..K....#
####.......#
#.@..........+
#.############
#.# #.# #.#
#(# ###....
#.# ......#
#.# ......#
#.#
####.._...#


You could see Robin, a goblin (strong) and a kobold.

Vanquished Creatures
  6 endoplasms (D:1)
  4 goblins
  4 hobgoblins
  3 kobolds (D:1)
  2 ball pythons (D:1)
  A bat (D:1)
  3 frilled lizards (D:1)
  3 rats
26 creatures vanquished.

Notes
Turn   | Place    | Note
-------+----------+-------------------------------------------
     0 | D:1      | Rennog the Octopode Fighter began the quest for the Orb.
     0 | D:1      | Reached XP level 1. HP: 16/16 MP: 1/1
   100 | D:1      | Reached skill level 1 in Stealth
   143 | D:1      | Reached XP level 2. HP: 21/21 MP: 2/2
   625 | D:1      | Reached XP level 3. HP: 21/26 MP: 3/3
   903 | D:2      | Found a shadowy altar of Dithmenos.
   971 | D:2      | Noticed Robin
   981 | D:2      | Killed from afar by Robin

Illustrated notes

Levels and vault maps discovered:
D:1:      lightli_arrival_statue_moat, layout_loops_ring, minivault_11,
          serial_bayou_pond_a
D:2:      cheibrodos_pilgrimage, layout_basic,
          ebering_ecumenical_altar_sacrificial, basic_altar, uniq_sigmund,
          uniq_jessica, uniq_robin

Skill      XL: |  1  2  3 |
---------------+----------+-----
Stealth        | 1 2 |  2.1
Fighting       | |  3.4
Long Blades    | |  2.0
Dodging        | |  3.4
Shields        | |  3.0

Action                   || total
-------------------------++-------
Melee: Long sword        ||    41
       Tentacles         ||     7
       Constrict         ||     7
 Stab: Sleeping          ||     7
       Distracted        ||     1
Armor: Skin              ||     3
Dodge: Dodged            ||    14
Block: Buckler           ||     4

Table legend: (Time is in decaauts)
 A = Elapsed time spent in this place.
 B = Non-inter-level travel time spent in this place.
 C = Inter-level travel time spent in this place.
 D = Time resting spent in this place.
 E = Time spent auto-exploring this place.
 F = Levels seen in this place.
 G = Mean time per level.
                   A        B        C        D        E       F      G
               +--------+--------+--------+--------+--------+-----+--------+
         Total |    994 |    973 |     21 |      0 |    798 |   2 |  497.0 |
       Dungeon |    994 |    973 |     21 |      0 |    798 |   2 |  497.0 |
               +--------+--------+--------+--------+--------+-----+--------+

Top non-repeatable levels by time:
     D:1: 914 daAuts
     D:2: 80 daAuts
